 Dungeon Crawl Stone Soup version 0.27-a0-911-gfacc31910f (webtiles) character file.

Game seed: 2239469637971606084

986 CakeIsGreat the Digger (level 8, -3/45 HPs)
             Began as a Gargoyle Earth Elementalist on Apr 9, 2021.
             Slain by a thrashing horror (6 damage)
             ... on level 1 of the Abyss.
             The game lasted 00:12:46 (7382 turns).

CakeIsGreat the Digger (GrEE)                       Turns: 7382, Time: 00:12:47

Health: -3/45      AC:  8    Str: 13    XL:     8   Next: 18%
Magic:  8/14       EV: 16    Int: 17    God:
Gold:   312        SH:  0    Dex: 10    Spells: 3/15 levels left

rFire    . . .     SeeInvis .   e - staff of earth
rCold    . . .     Faith    .   (no shield)
rNeg     + . .     Spirit   .   c - +1 robe
rPois    ∞         Reflect  .   (no helmet)
rElec    +         Harm     .   (no cloak)
rCorr    .         Rampage  .   (no gloves)
Will     .....                  (no boots)
Stlth    ++........             (no amulet)
HPRegen  0.15/turn              m - +4 ring of evasion
MPRegen  0.14/turn              (no ring)

@: no status effects
A: AC +5, negative energy resistance 1, electricity resistance, torment
resistance 1, unbreathing 1, petrification resistance
a: no special abilities


You were on level 1 of the Abyss.
You visited 1 branch of the dungeon, and saw 5 of its levels.
You visited the Abyss 1 time.
You also visited: Sewer.

You collected 312 gold pieces.

Inventory:

Hand Weapons
 k - a +1 mace
Missiles
 b - 59 stones
 g - 3 curare-tipped darts
Armour
 c - a +1 robe (worn)
Magical Staves
 e - a staff of earth (weapon)
Jewellery
 m - a +4 ring of evasion (left hand)
Scrolls
 f - a scroll of identify
 h - 2 scrolls of enchant weapon
Potions
 a - 2 potions of magic
 d - a potion of ambrosia
 j - a potion of might
 n - 4 potions of heal wounds
 o - 4 potions of flight
 p - 2 potions of brilliance
 q - 3 potions of curing


   Skills:
 + Level 2.6 Fighting
 + Level 2.3(2.8) Maces & Flails
 + Level 2.2(2.7) Staves
 + Level 2.9 Armour
 + Level 2.7 Dodging
 - Level 2.1 Stealth
 * Level 4.1 Spellcasting
 * Level 3.6 Conjurations
 - Level 0.7 Transmutations
 * Level 0.7 Fire Magic
 * Level 5.9 Earth Magic


You had 3 spell levels left.
You knew the following spells:

 Your Spells              Type           Power      Damage    Failure   Level
a - Sandblast             Erth           70%        2d15      1%          1
b - Stone Arrow           Conj/Erth      58%        3d10      6%          3
c - Lee's Rapid Deconstr  Erth           17%        3d12*     36%         5
d - Conjure Flame         Conj/Fire      11%        6-21      19%         3

Your spell library contained the following spells:

 Spells                   Type           Power      Damage    Failure   Level
 Magic Dart               Conj           64%        1d6       3%          1
 Passwall                 Tmut/Erth      18%        N/A       6%          2
 Corona                   Hex            3%         N/A       16%         1
 Dazzling Flash           Conj/Hex       18%        N/A       22%         3
 Blink                    Tloc           N/A        N/A       24%         2
 Call Imp                 Summ           3%         N/A       24%         2
 Ensorcelled Hibernation  Hex/Ice        6%         N/A       24%         2
 Slow                     Hex            3%         N/A       24%         2
 Mephitic Cloud           Conj/Pois/Air  7%         N/A       28%         3
 Confusing Touch          Hex            3%         N/A       43%         3
 Tukima's Dance           Hex            3%         N/A       43%         3
 Petrify                  Tmut/Erth      22%        N/A       36%         4


Dungeon Overview and Level Annotations

Branches:
Dungeon (5/15)              Sewer (visited)
 Temple: D:4-7

Altars:
Ru

Shops:
D:3 !(=!


Innate Abilities, Weirdness & Mutations

Your stone body is resilient. (AC +5)
You are immune to poison.
You resist negative energy. (rN+)
You are resistant to electric shocks. (rElec)
You are resistant to unholy torment.
You can survive without breathing.
You are immune to petrification.


Message History

Space warps horribly around you!!
The gnoll sergeant hits you but does no damage.
You are cast into the Abyss!
To return, you must find a gate leading back.
Killing monsters will force the Abyss to allow you passage.
This branch contains the abyssal rune of Zot.
Found a scale mail and 17 bolts.
Your magical contamination has completely faded away.
Found a potion of flight.
As you read the scroll labelled GIZIOP QAUREFE, it crumbles to dust.
Your body is wracked with pain!
It was a scroll of torment.
You feel much better.
Okay, then.
A thrashing horror comes into view.
The thrashing horror roars!
The thrashing horror completely misses you.
The thrashing horror closely misses you.
The thrashing horror tramples you.
You stumble backwards!
The thrashing horror misses you.
The thrashing horror tramples you but does no damage. x3
The thrashing horror tramples you.
You hold your ground!
The thrashing horror tramples you.
You hold your ground!
Found a trident.
The thrashing horror tramples you!
You stumble backwards!
A spatial vortex comes into view.
The thrashing horror misses you. The thrashing horror tramples you.
You stumble backwards!
A spatial maelstrom comes into view.
The thrashing horror barely misses you.
The thrashing horror tramples you but does no damage.
The thrashing horror tramples you!
* * * LOW HITPOINT WARNING * * *
You hold your ground!
The thrashing horror tramples you but does no damage.
The thrashing horror roars!
The thrashing horror barely misses you.
The thrashing horror completely misses you.
A spatial vortex comes into view.
The thrashing horror barely misses you. The thrashing horror tramples you.
You die...

# ### #. # #.##
..#.##.. ..#..#
#.#.## .. #.@..###
#... #..###X.#.# #.##
# # #....#.##
###..#.#.
###.v...###.#...##.#
#...#....... ...#
#.v#.###..#.# ..#.
....#.#..#...##.#.# .
..#v#.#..## .#.. .
#..###v#.#..#.##...#.


You could see a spatial maelstrom, 2 spatial vortices and a thrashing horror.

Vanquished Creatures
  A necrophage (D:4)
  6 kobold brigands (Sewer)
  A hound (D:5)
  2 jellies (D:2)
  An iguana (D:4)
  An orc priest (D:3)
  2 orc wizards
  A hound skeleton (D:4)
  10 gnolls
  An adder (D:2)
  An adder skeleton (D:4)
  3 worms
  3 dart slugs
  11 orcs
  8 bats
  13 endoplasms
  8 giant cockroaches
  5 goblins
  3 hobgoblins
  16 jackals
  5 quokkas
  12 ball pythons
  10 frilled lizards
  19 kobolds
  10 rats
153 creatures vanquished.

Vanquished Creatures (others)
  6 fungi (D:2)
  12 plants
  6 toadstools (D:2)
24 creatures vanquished.

Grand Total: 177 creatures vanquished

Notes
Turn   | Place    | Note
-------+----------+-------------------------------------------
     0 | D:1      | CakeIsGreat the Gargoyle Earth Elementalist began the quest
                  | for the Orb.
     0 | D:1      | Reached XP level 1. HP: 10/10 MP: 3/3
   531 | D:1      | Reached XP level 2. HP: 5/15 MP: 1/5
  1677 | D:1      | Reached skill level 4 in Earth Magic
  1759 | D:1      | Reached XP level 3. HP: 8/20 MP: 3/6
  1763 | D:1      | Learned a level 3 spell: Stone Arrow
  2140 | D:2      | Found a faded altar of an unknown god.
  2180 | D:2      | Reached skill level 1 in Armour
  2286 | D:2      | Reached XP level 4. HP: 18/24 MP: 5/7
  2607 | D:2      | Reached skill level 1 in Conjurations
  2895 | D:2      | Reached skill level 1 in Fighting
  2900 | D:2      | Reached skill level 1 in Maces & Flails
  3300 | D:2      | Reached XP level 5. HP: 29/29 MP: 6/9
  3335 | D:2      | Learned a level 5 spell: Lee's Rapid Deconstruction
  3694 | D:3      | Reached skill level 1 in Staves
  3879 | D:3      | Found Kiluef's Distillery.
  3934 | D:3      | Reached XP level 6. HP: 34/34 MP: 5/10
  3975 | D:3      | Found a sacrificial altar of Ru.
  4174 | D:3      | Found Doeppur's Weapon Boutique.
  4190 | D:3      | Found Poquidda's Jewellery Shop.
  4335 | D:3      | Found Plog's Distillery.
  4806 | D:4      | Identified a scroll of acquirement
  4806 | D:4      | Acquired a staff of earth
  4811 | D:4      | Noticed a two-headed ogre
  4855 | D:4      | Noticed a necrophage
  4858 | D:4      | Killed a necrophage
  4859 | D:4      | Reached skill level 5 in Earth Magic
  4991 | D:4      | Found a glowing drain.
  5002 | Sewer    | Entered a sewer
  5062 | Sewer    | Reached XP level 7. HP: 40/40 MP: 8/12
  5528 | Sewer    | Reached XP level 8. HP: 45/45 MP: 9/14
  5536 | Sewer    | Learned a level 3 spell: Conjure Flame
  7272 | D:5      | Entered Level 5 of the Dungeon
  7334 | D:5      | Cast into level 1 of the Abyss (gnoll sergeant)
  7371 | Abyss:1  | Noticed a thrashing horror
  7379 | Abyss:1  | Noticed a spatial maelstrom
  7382 | Abyss:1  | Slain by a thrashing horror

Illustrated notes

Levels and vault maps discovered:
D:1:      dpeg_arrival_oval, layout_basic, minmay_lizard_king
D:2:      cheibrodos_fertilizer, layout_loops_ring,
          ebering_ecumenical_altar_sacrificial, hangedman_decor_growths,
          minmay_split_cup_large
D:3:      layout_loops_cross, marbit_many_paths, serial_shops, shop, shop, shop,
          nicolae_shop_trees
D:4:      layout_loops_ring, cheibrodos_sewer_entry_drain
D:5:      layout_loops_corners, serial_shops, shop, kennysheep_generic_room_15,
          uniq_duvessa
Abyss:1:  base: D:4, hangedman_abyss_monster_moat, hangedman_abyss_river_spirits

Skill      XL: |  1  2  3  4  5  6  7 |
---------------+----------------------+-----
Earth Magic    | 4 5 |  5.9
Armour         | 1 2 |  2.9
Conjurations   | 1 2 3 |  3.6
Fighting       | 1 2 |  2.6
Maces & Flails | 1 2 |  2.3
Spellcasting   | 3 4 |  4.1
Dodging        | 2 |  2.7
Staves         | 1 2 |  2.2
Stealth        | |  2.1
Transmutations | |  0.7
Fire Magic     | |  0.7

Action                   |  1- 3 |  4- 6 |  7- 9 || total
-------------------------+-------+-------+-------++-------
Melee: Unarmed           |     9 |       |       ||     9
       Club              |    75 |       |       ||    75
       Flail             |    17 |     6 |       ||    23
       Mace              |       |   194 |       ||   194
       Staff             |       |     1 |    38 ||    39
 Cast: Sandblast         |    24 |    57 |    38 ||   119
       Stone Arrow       |       |     3 |    29 ||    32
  Use: Scroll            |     3 |     3 |     8 ||    14
       Potion            |     2 |       |     1 ||     3
 Stab: Sleeping          |     3 |     2 |       ||     5
Armor: Robe              |    45 |    54 |    24 ||   123
Dodge: Dodged            |    69 |   215 |    71 ||   355

Table legend: (Time is in decaauts)
 A = Elapsed time spent in this place.
 B = Non-inter-level travel time spent in this place.
 C = Inter-level travel time spent in this place.
 D = Time resting spent in this place.
 E = Time spent auto-exploring this place.
 F = Levels seen in this place.
 G = Mean time per level.
                   A        B        C        D        E       F      G
               +--------+--------+--------+--------+--------+-----+--------+
         Total |   7510 |   7278 |    232 |    356 |   5583 |   7 | 1072.9 |
       Dungeon |   6832 |   6600 |    232 |    356 |   5101 |   5 | 1366.4 |
         Abyss |     47 |     47 |      0 |      0 |      0 |   1 |   47.0 |
         Sewer |    629 |    629 |      0 |      0 |    482 |   1 |  629.0 |
               +--------+--------+--------+--------+--------+-----+--------+

Top non-repeatable levels by time:
     D:1: 2101 daAuts
     D:3: 1611 daAuts
     D:2: 1567 daAuts
     D:4: 1489 daAuts
   Sewer: 629 daAuts
     D:5: 61 daAuts
 Abyss:1: 47 daAuts
